 Dungeon Crawl Stone Soup version 0.16-a0-2652-gd333f3b (webtiles) character file.

43 PolkaDot the Caller (level 3, 0/24 HPs)
             Began as a Vampire Summoner on Nov 23, 2014.
             Slain by a hobgoblin
             ... wielding a +0 club
              (5 damage)
             ... on level 2 of the Dungeon.
             The game lasted 00:04:00 (1652 turns).

PolkaDot the Caller (Vampire Summoner)              Turns: 1652, Time: 00:04:00

Health: 0/24       AC:  4    Str:  7    XL:     3   Next: 37%
Magic:  3/6        EV: 10    Int: 18    God:
Gold:   212        SH:  0    Dex: 14    Spells: 3 memorised, 0 levels left

rFire  . . .     SeeInvis +     a - +0 dagger
rCold  . . .     Clarity  .     c - +0 leather armour
rNeg   . . .     SustAb   .     (no shield)
rPois  .         Gourm    .     (no helmet)
rElec  .         Spirit   .     (no cloak)
rCorr  .         Warding  .     (no gloves)
rMut   .         Stasis   .     d - +0 pair of boots
MR     .....                    (no amulet)
Stlth  ++........               (no ring)
                                (no ring)

@: regenerating quickly, not resistant to hostile enchantments, unstealthy
A: bottle blood, fangs 3, see invisible, unbreathing
a: no special abilities


You were on level 2 of the Dungeon.
You were very full.

You visited 1 branch of the dungeon, and saw 2 of its levels.

You collected 212 gold pieces.

Inventory:

Hand weapons
 a - a +0 dagger (weapon)
Armour
 c - a +0 leather armour (worn)
 d - a +0 pair of boots (worn)
Scrolls
 e - a scroll of amnesia {unknown}
 f - a scroll of immolation {unknown}
 h - 2 scrolls of teleportation {unknown}
 k - a scroll of blinking {unknown}
 m - a scroll of fear {unknown}
Potions
 j - a potion of curing {unknown}
 l - a potion of confusion {unknown}
Books
 b - a book of Callings

   Spells                             Type                      Level
   *Summon Small Mammal               Summoning                    1
   *Call Imp                          Summoning                    2
   *Call Canine Familiar              Summoning                    3
   Summon Guardian Golem              Hexes/Summoning              4
   Summon Lightning Spire             Summoning/Air                4
   Summon Ice Beast                   Ice/Summoning                4


   Skills:
 * Level 1.4 Armour
 - Level 2.1 Dodging
 - Level 3.0 Stealth
 - Level 2.0 Spellcasting
 + Level 4.7 Summonings


You couldn't memorise any spells.
You knew the following spells:

 Your Spells              Type           Power        Failure   Level  Hunger
a - Summon Small Mammal   Summ           ###.         2%          1    #......
d - Call Canine Familiar  Summ           ###.....     10%         3    ###....
s - Call Imp              Summ           ###.....     4%          2    ###....


Dungeon Overview and Level Annotations

Branches:
Dungeon (2/15)

Altars:


Innate Abilities, Weirdness & Mutations

Your natural rate of healing is unusually fast.
You can bottle blood from corpses.
You have razor-sharp teeth.
You have supernaturally acute eyesight.
You can survive without breathing.


Message History

* * * LOW HITPOINT WARNING * * *
Drink which item? (? for menu, Esc to quit)
You feel agile all of a sudden.
It was a potion of agility.
Drink which item? (? for menu, Esc to quit)
Your magical effects are unravelling.
You feel magically purged.
It was a potion of cancellation.
You feel less confused.
You feel a little less agile now. The hobgoblin closely misses you.
Casting: Call Imp
Confirm with . or Enter, or press ? or * to list all spells.
The hobgoblin closely misses you.
You hit the hobgoblin but do no damage.
The hobgoblin is severely wounded.
The hobgoblin hits you with a club.
* * * LOW HITPOINT WARNING * * *
You hit the hobgoblin but do no damage.
The hobgoblin is severely wounded.
The hobgoblin hits you with a club.
You die...

#.....#######.#.#
#..........##.#.#
###.#.####.##.#.# #.#.#
#.##.#.############## #.#.#
#.##.#.#............# #.#.#
#...........#######.# #.#.##
##.#.###.##.# #.#
.....####h#.###.##.# #.#
.#........g@....##.# #.#
......###.#.###.##.#######.#
#.#.#.# #.#.###.............
#.#...# #.#...#.##.##..###.#
#.##..# #.###...............
#.##..# #..................#
#.#...# #####..##......##.##
#.#.)## ###..#.#.#........
#....# #................(


You could see a hobgoblin and a friendly hound.

Vanquished Creatures
  A worm (D:2)
  A giant gecko (D:1)
  5 bats
  A giant cockroach (D:2)
  A hobgoblin (D:2)
  3 jackals (D:2)
  A kobold (D:1)
  A quokka (D:2)
  3 goblins
  3 rats
20 creatures vanquished.

Vanquished Creatures (collateral kills)
  2 adders (D:2)
  A goblin (D:2)
  2 hobgoblins
  A kobold (D:2)
6 creatures vanquished.

Grand Total: 26 creatures vanquished

Notes
Turn   | Place    | Note
--------------------------------------------------------------
     0 | D:1      | PolkaDot, the Vampire Summoner, began the quest for the Orb.
     0 | D:1      | Reached XP level 1. HP: 13/13 MP: 3/3
   477 | D:1      | Reached XP level 2. HP: 16/19 MP: 4/4
   825 | D:1      | Learned a level 2 spell: Call Imp
   987 | D:2      | Reached skill level 1 in Armour
  1085 | D:2      | Reached XP level 3. HP: 18/24 MP: 6/6
  1090 | D:2      | Learned a level 3 spell: Call Canine Familiar
  1652 | D:2      | Slain by a hobgoblin

Action                   || total
-------------------------++-------
Melee: Unarmed           ||    43
       Dagger            ||    96
 Cast: Summon Small Mamm ||     8
       Call Imp          ||     5
       Call Canine Famil ||     1
  Use: Potion            ||     4
 Stab: Sleeping          ||     4
  Eat: Corpse            ||    11
